 Dungeon Crawl Stone Soup version 0.28-a0-909-g796cbd3a86 (webtiles) character file.

Game seed: 8172948784382408222

68 hellse the Stinger (level 4, 24/24 HPs)
             Began as a Deep Elf Venom Mage on Nov 22, 2021.
             Quit the game on level 2 of the Dungeon on Nov 24, 2021.
             The game lasted 00:05:33 (2487 turns).

hellse the Stinger (Deep Elf Venom Mage)            Turns: 2487, Time: 00:05:33

Health: 24/24      AC:  2    Str:  5    XL:     4   Next: 1%
Magic:  11/11      EV: 12    Int: 21    God:
Gold:   101        SH:  0    Dex: 15    Spells: 4/10 levels left

rFire   . . .      SeeInvis .   h - +2 whip (venom)
rCold   . . .      Faith    .   (no shield)
rNeg    . . .      Spirit   .   a - +0 robe
rPois   .          Reflect  .   (no helmet)
rElec   .          Harm     .   (no cloak)
rCorr   .          Rampage  .   (no gloves)
Will    .....                   (no boots)
Stlth   ++........              (no amulet)
HPRegen 0.08/turn               (no ring)
MPRegen 0.12/turn               (no ring)

@: no status effects
A: no striking features
a: no special abilities


You were on level 2 of the Dungeon.
You visited 1 branch of the dungeon, and saw 3 of its levels.

You collected 101 gold pieces.

Inventory:

Hand Weapons
 g - a +0 spear
 h - a +2 whip of venom (weapon)
Armour
 a - a +0 robe (worn)
Jewellery
 j - a ring of see invisible
Scrolls
 b - 2 scrolls of identify
 d - 2 scrolls of enchant armour
 f - a scroll of magic mapping {unknown}
 i - a scroll of teleportation {unknown}
 k - 2 scrolls of vulnerability {unknown}
Potions
 c - a potion of magic {unknown}
 e - a potion of flight {unknown}
 l - 2 potions of attraction {unknown}
 m - a potion of degeneration {unknown}
 n - a potion of curing {unknown}


   Skills:
 - Level 2.4 Dodging
 - Level 2.4 Stealth
 + Level 3.8 Spellcasting
 - Level 1.1 Transmutations
 - Level 5.0 Poison Magic


You had 4 spell levels left.
You knew the following spells:

 Your Spells              Type           Power      Damage    Failure   Level
a - Sting                 Tmut/Pois      64%        1d6       3%          1
b - Poisonous Vapours     Pois/Air       28%        N/A       7%          2
c - Mephitic Cloud        Conj/Pois/Air  11%        N/A       19%         3

Your spell library contained the following spells:

 Spells                   Type           Power      Damage    Failure   Level
 Olgreb's Toxic Radiance  Pois           25%        N/A       16%         4
 Gell's Gravitas          Tloc           4%         N/A       36%         3
 Lesser Beckoning         Tloc           4%         N/A       36%         3
 Teleport Other           Tloc           4%         N/A       36%         3
 Summon Lightning Spire   Summ/Air       4%         N/A       77%         4
 Storm Form               Tmut/Air       3%         N/A       100%        7
 Maxwell's Capacitive Co  Air            2%         ∞         100%        8


Dungeon Overview and Level Annotations

Branches:
Dungeon (3/15)

Altars:
Hepliaklqana

Shops:
D:2 =

Annotations:
D:1 helly


Message History

Found a hazy altar of Hepliaklqana.
Found an escape hatch in the floor.
An orc comes into view. It is wielding a +2 whip of pain.
Found a book of Conjurations.
Casting: Sting (safe; 3% risk of failure)
Confirm with . or Enter, or press ? or * to list all spells.
Aiming: Poisonous Vapours (safe; 7% risk of failure)
Press: ? - help, Dir - move target, f - orc
Aim: an orc, wielding a +2 whip of pain and wearing a +0 leather armour (asleep) Poisonous vapours surround the orc!
The orc is poisoned.
The orc shouts!
An orc comes into view. It is wielding a +0 club.
Casting: Poisonous Vapours (safe; 7% risk of failure)
Confirm with . or Enter, or press ? or * to list all spells.
You can't see any susceptible monsters within range! (Use Z to cast anyway.) Unknown command.
An orc priest comes into view. It is wielding a +0 war axe.
Casting: Poisonous Vapours (safe; 7% risk of failure)
Confirm with . or Enter, or press ? or * to list all spells.
You can't see any susceptible monsters within range! (Use Z to cast anyway.) Unknown command.
Casting: Poisonous Vapours (safe; 7% risk of failure)
Confirm with . or Enter, or press ? or * to list all spells.
Aiming: Poisonous Vapours (safe; 7% risk of failure)
Press: ? - help, Dir - move target, f/p - orc
Aim: an orc, wielding a +2 whip of pain and wearing a +0 leather armour (heavily wounded) Poisonous vapours surround the orc!
The orc is poisoned.
You kill the orc!
You have reached level 4!
You feel clever.
There is a stone staircase leading up here.
You climb upwards.
There is a stone staircase leading down here.
You start resting.
Magic restored.
Save game and exit?
Welcome back, hellse the Deep Elf Venom Mage.
Press ? for a list of commands and other information.
Okay, then.
Okay, then.
Are you sure you want to abandon this character and quit the game? (Confirm with "yes".)

##.###.#.........#.#...
#..##.##.##.....#.#.#.
##.##....########[#.##
#.....### #^#...
##....# #.#### #....#
#..... #....# ######
#....# #..@.#
############ #....#
...........# #....#
##########.# #....#
#...#.# #....#
#.#.#.###....# ##
#.#.#.#...<..# #.
#.#.#.#.###..# #.
######.#..........# #.


There were no monsters in sight!

Vanquished Creatures
  2 adders
  A worm (D:2)
  3 dart slugs
  An orc (D:3)
  2 ball pythons (D:1)
  9 bats
  An endoplasm (D:1)
  A giant cockroach (D:1)
  A goblin (D:1)
  4 hobgoblins
  3 quokkas
  2 frilled lizards (D:1)
  7 kobolds
  2 rats (D:1)
39 creatures vanquished.

Vanquished Creatures (others)
  32 plants (D:2)
32 creatures vanquished.

Grand Total: 71 creatures vanquished

Notes
Turn   | Place    | Note
-------+----------+-------------------------------------------
     0 | D:1      | hellse the Deep Elf Venom Mage began the quest for the Orb.
     0 | D:1      | Reached XP level 1. HP: 10/10 MP: 6/6
   156 | D:1      | Reached XP level 2. HP: 15/15 MP: 6/8
   220 | D:1      | Reached skill level 4 in Poison Magic
   224 | D:1      | Learned a level 2 spell: Poisonous Vapours
  1101 | D:2      | Reached XP level 3. HP: 19/19 MP: 1/9
  1198 | D:2      | Learned a level 3 spell: Mephitic Cloud
  1558 | D:2      | Found Erghe's Jewellery Shop.
  1735 | D:2      | Reached skill level 5 in Poison Magic
  2442 | D:3      | Found a hazy altar of Hepliaklqana.
  2462 | D:3      | Reached XP level 4. HP: 24/24 MP: 8/11
  2487 | D:2      | Upgraded the game from 0.28-a0-895-g6e5f11bd55 to
                  | 0.28-a0-909-g796cbd3a86
  2487 | D:2      | Quit the game

Illustrated notes

Levels and vault maps discovered:
D:1:      psy_arrival_dodecagon, layout_basic
D:2:      layout_basic, serial_shops, nicolae_shop_hallway_plus,
          serial_bayou_lagoon_a
D:3:      kennysheep_six_static_rooms, layout_rooms, general_overflow_altar,
          mainiacjoe_overflow_alcove_1, yredelemnul_forgotten_temple_becter,
          minmay_ogre_servants

Skill      XL: |  1  2  3 |
---------------+----------+-----
Poison Magic   | 4 5 |  5.0
Dodging        | |  2.4
Stealth        | |  2.4
Spellcasting   | |  3.8
Transmutations | |  1.1

Action                   |  1- 3 |  4- 6 || total
-------------------------+-------+-------++-------
Melee: Spear             |     6 |       ||     6
       Whip              |     3 |       ||     3
 Cast: Sting             |    45 |       ||    45
       Poisonous Vapours |    28 |       ||    28
  Use: Scroll            |     2 |       ||     2
Armor: Robe              |     7 |       ||     7
Dodge: Dodged            |    41 |       ||    41

Table legend: (Time is in decaauts)
 A = Elapsed time spent in this place.
 B = Non-inter-level travel time spent in this place.
 C = Inter-level travel time spent in this place.
 D = Time resting spent in this place.
 E = Time spent auto-exploring this place.
 F = Levels seen in this place.
 G = Mean time per level.
                   A        B        C        D        E       F      G
               +--------+--------+--------+--------+--------+-----+--------+
         Total |   2497 |   2410 |     87 |    576 |   1370 |   3 |  832.3 |
       Dungeon |   2497 |   2410 |     87 |    576 |   1370 |   3 |  832.3 |
               +--------+--------+--------+--------+--------+-----+--------+

Top non-repeatable levels by time:
     D:2: 1332 daAuts
     D:1: 1042 daAuts
     D:3: 121 daAuts
